AoeStats
← Redmidlum

Highland

504733607Analyzed
2v2 RM · 26d ago on Sep 6, 2026· 75m 30s· 4 players
Game mode
Random Map
Map size
Medium (4 player)
Population
200
Speed
Normal
Resources
Standard
Victory
Conquest
Starting age
Dark Age
Ending age
Imperial Age
RankedLock teamsTeams togetherTeam positionsShared explorationLock speedFull tech treeHidden civsTurbo modeCheats
Victory
Defeat
🇩🇪 Burgundians · Germany
826
+17
🇩🇪 Vikings · Germany
826
+17
🇬🇧 Cumans · United Kingdom
843
-17
🇸🇰 Armenians · Slovakia
843
-17
Hynix911
13:00 Feudal Age
11:23 Double-Bit Axe
12:53 Stone Mining
12:50 Horse Collar
17:53 Castle Age
16:58 Bow Saw
16:52 Heavy Plow
17:41 Gold Mining
29:37 Burgundian Vineyards
31:47 Forging
39:04 Crop Rotation
38:41 Scale Barding Armor
39:12 Iron Casting
43:34 Imperial Age
44:08 Devotion
46:24 Conscription
47:33 Elite Coustillier
49:43 Caravan
50:37 Chain Barding Armor
53:24 Gold Shaft Mining
54:18 Chemistry
60:02 Plate Barding Armor
60:28 Blast Furnace
75:02 Two-Man Saw
75:40 Husbandry
NiggoPuschel92
13:24 Feudal Age
13:49 Double-Bit Axe
13:45 Horse Collar
15:41 Fishing Lines
17:28 Stone Mining
21:03 Castle Age
19:15 Gold Mining
28:52 Squires
29:57 Gold Shaft Mining
29:30 Arson
31:54 Chieftains
40:27 Imperial Age
39:00 Bow Saw
40:51 Elite Longship
42:18 Medium Warships
44:51 Heavy Warships
44:18 Gillnets
48:47 Scale Mail Armor
48:57 Forging
51:11 Chain Mail Armor
51:31 Iron Casting
50:20 Elite Berserk
51:22 Conscription
52:51 Plate Mail Armor
55:19 Blast Furnace
64:05 Caravan
MYTH_0503
8:43 Loom
11:40 Feudal Age
12:45 Double-Bit Axe
12:45 Horse Collar
12:56 Gold Mining
14:47 Wheelbarrow
19:18 Scale Barding Armor
25:03 Castle Age
24:28 Bloodlines
42:23 Pikeman
49:11 Gold Shaft Mining
48:37 Heavy Plow
48:30 Stone Mining
52:55 Imperial Age
53:12 Onager
56:30 Ballistics
56:07 Murder Holes
58:21 Chemistry
58:23 Masonry
65:49 Padded Archer Armor
65:39 Fletching
71:02 Elite Kipchak
Redmidlum
8:09 Loom
12:33 Feudal Age
12:34 Man-at-Arms
14:55 Long Swordsman
16:49 Scale Mail Armor
17:32 Forging
19:27 Gold Mining
26:54 Castle Age
26:50 Double-Bit Axe
26:42 Pikeman
27:00 Two-Handed Swordsman
30:15 Chain Mail Armor
34:00 Wheelbarrow
35:23 Horse Collar
36:17 Town Watch
37:10 Hand Cart
37:16 Bow Saw
38:29 Gold Shaft Mining
46:43 Imperial Age
47:08 Halberdier
47:34 Gambesons
48:55 Iron Casting
48:28 Heavy Plow
49:26 Town Patrol
49:21 Stone Mining
50:17 Conscription
51:25 Squires
50:51 Elite Composite Bowman
51:57 Champion
52:28 Champion
53:34 Caravan
54:12 Fereters
55:14 Plate Mail Armor
58:57 Blast Furnace
57:48 Fletching
57:58 Padded Archer Armor
61:47 Leather Archer Armor
61:28 Bodkin Arrow
64:12 Bracer
64:42 Ring Archer Armor
66:26 Chemistry
66:04 Ballistics
72:24 Murder Holes
Connection lost

Rejoining the realm…

Still unreachable

The connection could not be restored.

Session expired

The server has moved on; the page needs a fresh start.